 Dungeon Crawl Stone Soup version 0.28.0 (webtiles) character file.

Game seed: 3627649638554269657

262134 fragbeetle the Impaler (level 20, 0/141 HPs)
             Began as a Djinni Ice Elementalist on Feb 6, 2022.
             Was the Champion of Makhleb.
             Shot with an arrow by a deep elf master archer (8 damage)
             ... on level 3 of the Elven Halls on Feb 7, 2022.
             The game lasted 02:54:13 (34854 turns).

fragbeetle the Impaler (Djinni Ice Elementalist)   Turns: 34854, Time: 02:54:14

Health: 0/141      AC: 22    Str: 16    XL:     20   Next: 79%
Gold:   1007       EV: 18    Int: 23    God:    Makhleb [******] SH:  0 Dex: 18

rFire   + + +      SeeInvis +   T - +8 glaive of the Guard {elec, spectral, AC+5}
rCold   x . .      Faith    .   (shield currently unavailable)
rNeg    . . .      Spirit   .   M - +4 troll leather armour
rPois   ∞          Reflect  .   y - +2 helmet
rElec   +          Harm     .   w - +1 cloak
rCorr   .          Rampage  .   Y - +2 pair of gloves {Str+3}
Will    +++..                   (boots unavailable)
Stlth   +++.......              j - amulet "Naaneargh" {rF++ Regen+ Int+3}
HPRegen 1.93/turn               d - ring of see invisible
MPRegen 0.00/turn               O - ring of Ebli {Wiz rElec Will+ Str+4 Slay+2}

@: about to teleport, flying, studying Shields
A: sickness immunity, fire resistance 2, cold vulnerability 1, float, innate
caster, HP casting, extra vitality 1
}: 2/15 runes: decaying, gossamer
a: Renounce Religion, Minor Destruction, Lesser Servant of Makhleb, Major
Destruction, Greater Servant of Makhleb


You were on level 3 of the Elven Halls.
You worshipped Makhleb.
Makhleb was exalted by your worship.
You visited 7 branches of the dungeon, and saw 35 of its levels.
You also visited: Gauntlet and Desolation.

You collected 3374 gold pieces.
You spent 2367 gold pieces at shops.

Inventory:

Hand Weapons
 B - the +6 spear "Timmav" {vamp, rF+ rC+ rN+ Str+2}
   (You found it on level 8 of the Dungeon)

   It occasionally heals its wielder for a portion of the damage dealt when it
   wounds a living foe.
   Str:       It affects your strength (+2).
   rF:        It protects you from fire.
   rC:        It protects you from cold.
   rN:        It protects you from negative energy.
 T - the +8 glaive of the Guard (weapon) {elec, spectral, AC+5}
   (You found it on level 6 of the Lair of Beasts)

   It occasionally discharges a powerful burst of electricity upon striking a
   foe.
   When it strikes, its spirit leaps out and fights alongside the wielder.
   AC:        It affects your AC (+5).
Missiles
 g - 8 curare-tipped darts
 s - 24 boomerangs (quivered)
 X - a throwing net
Armour
 w - a +1 cloak (worn)
 y - a +2 helmet (worn)
 M - a +4 troll leather armour (worn)
 V - the +3 warlock's mirror {reflect}
   (You found it on level 6 of the Lair of Beasts)

   It can block and reflect piercing ranged attacks and magical attacks against
   the wielder's willpower.
 Y - a +2 pair of gloves of strength (worn)
Jewellery
 d - a ring of see invisible (left hand)
 j - the amulet "Naaneargh" (around neck) {rF++ Regen+ Int+3}
   (You acquired it on level 2 of the Orcish Mines)

   [amulet of regeneration]

   Int:       It affects your intelligence (+3).
   rF:        It greatly protects you from fire.
   Regen:     It increases your rate of health regeneration.
 l - a ring of resist corrosion
 q - a ring of wizardry
 u - a +4 ring of evasion
 O - the ring of Ebli (right hand) {Wiz rElec Will+ Str+4 Slay+2}
   (You bought it in a shop on level 7 of the Dungeon)

   [ring of wizardry]

   It improves your spell success rate.
   Str:       It affects your strength (+4).
   Slay:      It affects your accuracy & damage with ranged weapons and melee
   (+2).
   rElec:     It insulates you from electricity.
   Will:      It increases your willpower.
 P - a ring of willpower
 Q - the amulet "Ylyapp" {Reflect Dex+4 SH+5}
   (You acquired it on level 2 of the Orcish Mines)

   [amulet of reflection]

   It reflects blocked missile attacks.
   Dex:       It affects your dexterity (+4).
   SH:        It affects your SH (+5).
Wands
 b - a wand of flame (39)
 e - a wand of acid (11)
 D - a wand of iceblast (34)
 E - a wand of paralysis (8)
 N - a wand of polymorph (16)
 S - a wand of digging (7)
 Z - a wand of mindburst (6)
Scrolls
 f - 3 scrolls of magic mapping
 k - 3 scrolls of holy word
 n - a scroll of summoning
 o - 8 scrolls of immolation
 t - 4 scrolls of fog
 z - 9 scrolls of teleportation
 C - a scroll of blinking
 I - 9 scrolls of fear
 J - a scroll of silence
Potions
 a - 13 potions of curing
 h - a potion of heal wounds
 i - a potion of invisibility {unknown}
 m - 3 potions of berserk rage
 p - 7 potions of ambrosia
 r - 2 potions of magic {unknown}
 v - 6 potions of attraction
 x - 5 potions of haste
 A - 4 potions of resistance
 F - 13 potions of brilliance
 K - 3 potions of degeneration {unknown}
 L - 4 potions of might {unknown}
 U - a potion of experience {unknown}
Miscellaneous
 c - a condenser vane
 G - a lightning rod (4/4)


   Skills:
 - Level 12.0 Fighting
 - Level 19.6(20.0) Polearms
 - Level 7.1(15.5) Staves
 - Level 6.0 Armour
 - Level 10.0 Dodging
 - Level 5.0 Stealth
 - Level 5.0 Shields
 - Level 12.0 Spellcasting
 + Level 13.9 Invocations


You couldn't memorise any spells.
You knew the following spells:

 Your Spells              Type           Power      Damage    Failure   Level
a - Scorch                Fire           100%       2d10      1%          2
b - Frozen Ramparts       Ice            100%       1d12      1%          3
c - Ozocubu's Armour      Ice            62%        N/A       1%          3
d - Hailstorm             Conj/Ice       62%        3d13      1%          4
e - Foxfire               Conj/Fire      100%       2x1d9     1%          1
f - Freeze                Ice            100%       1d11      1%          1
g - Dazzling Flash        Conj/Hex       100%       N/A       1%          3
h - Mephitic Cloud        Conj/Pois/Air  62%        N/A       1%          3
i - Animate Armour        Summ/Erth      100%       N/A       1%          4
j - Silence               Hex/Air        31%        N/A       1%          5
k - Simulacrum            Ice/Necr       31%        N/A       2%          6
l - Enfeeble              Hex            31%        N/A       13%         7
m - Summon Cactus Giant   Summ           31%        N/A       2%          6
Your spell library was empty.

Dungeon Overview and Level Annotations

Branches:
Dungeon (15/15)            Temple (1/1) D:6            Lair (6/6) D:9
  Swamp (4/4) Lair:3       Spider (4/4) Lair:3          Orc (2/2) D:11
    Elf (3/3) Orc:2        Vaults (0/5) D:14        Desolation (visited)
Gauntlet (visited)
  Slime: Lair:5-6    Depths: D:15

Altars:
Ashenzari
Cheibriados
Dithmenos
Elyvilon
Fedhas
Gozag
Hepliaklqana
Kikubaaqudgha
Makhleb
Nemelex Xobeh
Okawaru
Qazlal
Ru
Sif Muna
Trog
Uskayaw
Vehumet
Wu Jian
Xom
Yredelemnul
Zin
The Shining One

Shops:
D:4 *   D:6 *   D:7 =   D:15 *   Orc:2 *[?=   Elf:1 (   Elf:2 *

Portals:
Hell: Lair:6
Pandemonium: Orc:2

Annotations:
D:8 Harold
D:9 exclusion: 2 doors
D:15 3 runed translucent doors, Uvinaotu's ghost, journeyman MiFi
Lair:2 1 runed translucent door, Qoesoec's ghost, journeyman GrFi
Lair:5 exclusion: 3 oklob plants
Swamp:3 3 runed translucent doors, exclusion: 3 doors, hito's ghost, adept KoEn
Spider:3 Bai Suzhen
Elf:2 3 runed translucent doors, exclusion: 3 doors


Innate Abilities, Weirdness & Mutations

You are immune to sickness and miasma.
You are immune to poison.
Your flesh is very heat resistant. (rF++)
You are vulnerable to cold. (rC-)
You float through the air rather than walking.
You learn spells naturally, not from books.
Your magical power is your life essence.
You have superior vitality. (+4 MHP)


Message History

The deep elf elementalist seems to speed up.
The deep elf master archer shoots an arrow.
The arrow hits you!
* * * LOW HITPOINT WARNING * * *
The deep elf master archer shoots an arrow.
The arrow closely misses you.
You hear a shout! x4
You feel much better.
A deep elf annihilator comes into view. It is wielding a +0 short sword.
The deep elf annihilator points at you and mumbles some strange words.
The crystal spear hits you!
* * * LOW HITPOINT WARNING * * *
The deep elf elementalist mumbles some strange words.
The deep elf elementalist seems to speed up.
The deep elf master archer shoots an arrow.
The arrow hits you!
* * * LOW HITPOINT WARNING * * *
The deep elf annihilator casts a spell.
The deep elf annihilator blinks!
The deep elf master archer shoots an arrow.
The arrow hits you!!
* * * LOW HITPOINT WARNING * * *
The deep elf master archer wields a +0 longbow.
The deep elf master archer shoots an arrow.
The arrow misses you.
The deep elf annihilator moves out of view.
You hear a shout!
Blink to where?
Press: ? - help, Dir - move target 2 deep elf high priests come into view.
A deep elf high priest is wielding a +2 long sword of flaming.
As you read the scroll of blinking, it crumbles to dust.
The deep elf sorcerer mumbles some strange words.
The deep elf sorcerer glows brightly for a moment.
The deep elf sorcerer mumbles some strange words.
The deep elf sorcerer seems to speed up.
The deep elf master archer wields a +0 longbow.
The deep elf master archer shoots an arrow.
The arrow hits you!
You die...

#.............. #.
##e........e....# #
#......e......e.##
.................##
.$...........$....#
......ee.e....e...#
.....###.e....e...#
... ##.......# .
#.@.# ##+##


You could see 2 deep elf blademasters, a deep elf master archer, a deep elf
annihilator, a deep elf sorcerer (fast), 2 deep elf elementalists and 2 deep elf
high priests.

Vanquished Creatures
  Nikola (Elf:2)
  Rupert (D:14)
  Agnes (D:14)
  3 thorn hunters
  Kirke (D:14)
  A fenstrider witch (Swamp:3)
  Donald (Spider:2)
  2 emperor scorpions
  Aizul (Swamp:4)
  An imperial myrmidon (Desolation)
  A deep elf elementalist (Elf:1)
  5 ghost moths
  2 ghouls (Swamp:4)
  2 broodmothers
  2 deep elf demonologists (Elf:1)
  2 entropy weavers
  2 bunyips
  5 eleionomae
  A spark wasp (Spider:4)
  A dire elephant (Lair:6)
  A minotaur (Gauntlet)
  Snorg (D:13)
  A shambling mangrove (Swamp:2)
  A ragged hierophant (Desolation)
  An ettin (Orc:2)
  A deep elf high priest (Elf:1)
  Fannar (D:11)
  An ogre mage (D:14)
  A servant of whispers (Desolation)
  2 peacekeepers (Desolation)
  2 boulder beetles
  4 centaur warriors
  A jorogumo (Spider:3)
  A ghost crab (Swamp:3)
  17 hydras
  A radroach (Spider:2)
  A hell beast (Lair:6)
  2 catoblepae
  3 demonspawn (Orc:2)
  4 two-headed ogres
  12 alligators
  7 death yaks
  12 dancing weapons
  6 orc high priests (Orc:2)
  A spriggan berserker (Swamp:4)
  2 tengu warriors (D:14)
  15 deep elf knights
  9 skeletal warriors
  5 goliath frogs
  5 pharaoh ants
  5 spriggan druids
  2 sun moths
  5 orb spiders
  8 deep elf archers
  A wizard (Lair:6)
  A death drake (Swamp:3)
  5 lindwurms (Lair:6)
  13 swamp dragons
  10 bog bodies
  17 deep elf zephyrmancers
  5 ugly things
  24 deep elf pyromancers
  An oklob plant (Gauntlet)
  18 wolf spiders
  2 ironbound convokers (Desolation)
  A necromancer (Gauntlet)
  5 manticores
  A salamander (shapeshifter) (Elf:1)
  5 orc sorcerers (Orc:2)
  4 orc knights
  5 cyclopes
  9 slime creatures
  3 will-o-the-wisps
  A moth of wrath (Gauntlet)
  A centaur zombie (D:11)
  Joseph (D:8)
  7 black mambas
  3 elephants
  4 centaur skeletons (D:14)
  A molten gargoyle (Desolation)
  3 torpor snails
  12 cane toads
  4 orange demons
  8 demonic crawlers
  An efreet (D:14)
  A kobold demonologist (D:11)
  Psyche (D:8)
  18 komodo dragons
  4 yaktaurs (D:14)
  4 rime drakes
  An unseen horror (D:12)
  A freezing wraith (D:14)
  2 hellwings
  2 red devils (Lair:6)
  8 meliai
  5 trolls
  12 hornets
  A bloated husk (Swamp:2)
  2 polar bears
  A meliai zombie (D:11)
  6 tyrant leeches
  23 blink frogs
  9 saltlings
  22 tarantellas
  A dream sheep (Lair:6)
  A raiju (shapeshifter) (Elf:1)
  17 jumping spiders
  20 culicivoras
  4 air elementals
  A shadow (D:12)
  25 yaks
  A vampire (D:11)
  14 spriggans
  7 wyverns
  A water elemental (Elf:2)
  4 wraiths
  7 hogs (D:14)
  10 basilisks
  36 redbacks
  13 vampire mosquitoes
  2 steam dragons
  Duvessa (D:5)
  2 acid dragons (Gauntlet)
  16 swamp worms
  17 water moccasins
  4 hell hounds (Lair:6)
  27 orc warriors
  7 swamp drakes (Swamp:4)
  2 black bears (D:6)
  2 ice beasts (D:6)
  3 necrophages
  5 sky beasts
  5 ogres
  11 wolves
  6 centaurs
  4 kobold brigands
  9 bullfrogs
  Blork the orc (D:6)
  2 wyvern zombies
  3 earth elementals
  A gnoll sergeant (D:6)
  7 scorpions
  A wyvern skeleton (D:6)
  A water moccasin zombie (D:5)
  Dowan (D:5)
  9 wights
  5 howler monkeys
  11 electric eels
  2 lava snakes (Lair:3)
  A bullfrog zombie (D:6)
  3 jellies
  2 gnoll shamans
  A bullfrog skeleton (D:7)
  4 hounds
  19 orc priests
  5 iguanas
  A scorpion zombie (D:5)
  Crazy Yiuf (D:6)
  16 orc wizards
  A killer bee zombie (D:6)
  17 gnolls
  A howler monkey skeleton (D:7)
  6 adders
  3 white imps
  4 worms
  4 dart slugs
  65 orcs
  7 endoplasms
  4 giant cockroaches
  7 goblins
  4 hobgoblins
  3 quokkas
  7 ball pythons
  5 bats
  2 frilled lizards (D:1)
  19 kobolds
  2 rats
  A butterfly (Lair:5)
1020 creatures vanquished.

Vanquished Creatures (collateral kills)
  Arachne (Spider:2)
  2 emperor scorpions
  Nessos (D:12)
  A deep elf annihilator (Elf:1)
  An eleionoma (Swamp:3)
  A spark wasp (Spider:4)
  2 bunyips (Swamp:3)
  A jorogumo (Spider:4)
  12 hydras
  A catoblepas (Lair:5)
  2 radroaches
  Urug (Orc:2)
  2 sun moths
  2 orb spiders
  3 swamp dragons (Swamp:4)
  A bog body (Swamp:4)
  3 steelbarb worms
  2 deep elf pyromancers
  6 wolf spiders
  An orc knight (Orc:2)
  An elephant (Lair:3)
  2 guardian serpents (Desolation)
  A cane toad (Lair:3)
  A demonic crawler (Spider:3)
  A red devil (Lair:6)
  A meliai (Spider:4)
  3 saltlings (Desolation)
  6 hornets
  11 tarantellas
  A blink frog (Lair:3)
  2 slime creatures
  2 culicivoras (Spider:4)
  5 jumping spiders
  17 redbacks
  A hell hound (Lair:6)
  2 orc warriors
  3 swamp drakes (Swamp:4)
  A centaur (D:13)
  A bullfrog (Lair:3)
  2 gnoll sergeants
  An electric eel (Spider:4)
  A centaur zombie (D:10)
  3 orc priests (Orc:2)
  An iguana (Lair:3)
  An orc wizard (Orc:2)
  A gnoll (D:10)
  4 orcs
122 creatures vanquished.

Vanquished Creatures (others)
  A deep elf knight (Elf:3)
  A tarantella (Spider:3)
  An orc wizard (D:9)
  A briar patch (Swamp:4)
  3 bushes (Lair:6)
  27 foxfires
  45 fungi
  61 plants
  4 toadstools (D:1)
  2 withered plants (Lair:2)
146 creatures vanquished.

Grand Total: 1288 creatures vanquished

Notes
Turn   | Place    | Note
-------+----------+-------------------------------------------
     0 | D:1      | fragbeetle the Djinni Ice Elementalist began the quest for
                  | the Orb.
     0 | D:1      | Reached XP level 1. HP: 15/15 MP: 0/0
   319 | D:1      | Reached XP level 2. HP: 21/21 MP: 0/0
   325 | D:1      | Found a faded altar of an unknown god.
   779 | D:1      | Reached XP level 3. HP: 25/25 MP: 0/0
   779 | D:1      | Learned a level 1 spell: Foxfire
  1231 | D:2      | Reached XP level 4. HP: 24/31 MP: 0/0
  2348 | D:3      | Reached XP level 5. HP: 35/35 MP: 0/0
  2348 | D:3      | Learned a level 2 spell: Scorch
  2610 | D:4      | Reached skill level 1 in Staves
  2718 | D:4      | Reached skill level 5 in Spellcasting
  2718 | D:4      | Reached XP level 6. HP: 36/40 MP: 0/0
  2823 | D:4      | Found Ononet's Fire Supplies.
  3340 | D:5      | Entered Level 5 of the Dungeon
  3354 | D:5      | Reached XP level 7. HP: 37/45 MP: 0/0
  3354 | D:5      | Learned a level 3 spell: Dazzling Flash
  3458 | D:5      | Found a hazy altar of Hepliaklqana.
  3469 | D:5      | Found a broken altar of Ashenzari.
  3471 | D:5      | Found a shimmering altar of Xom.
  3471 | D:5      | Found an iron altar of Okawaru.
  3471 | D:5      | Found a shadowy altar of Dithmenos.
  3471 | D:5      | Found an opulent altar of Gozag.
  3473 | D:5      | Found an ornate altar of the Wu Jian Council.
  3473 | D:5      | Found a sparkling altar of Nemelex Xobeh.
  3473 | D:5      | Found a burning altar of Makhleb.
  3475 | D:5      | Found a basalt altar of Yredelemnul.
  3526 | D:5      | Became a worshipper of Makhleb the Destroyer
  3571 | D:5      | Reached skill level 1 in Invocations
  3943 | D:5      | Reached XP level 8. HP: 43/50 MP: 0/0
  4379 | D:5      | Noticed Dowan
  4560 | D:5      | Noticed Duvessa
  4570 | D:5      | Killed Duvessa
  4571 | D:5      | Killed Dowan
  4885 | D:6      | Reached skill level 5 in Staves
  4885 | D:6      | Reached skill level 5 in Invocations
  5191 | D:6      | Reached * piety under Makhleb
  5192 | D:6      | Reached XP level 9. HP: 49/55 MP: 0/0
  5192 | D:6      | Learned a level 3 spell: Mephitic Cloud
  5605 | D:6      | Noticed Blork the orc
  5611 | D:6      | Killed Blork the orc
  5883 | D:6      | Found a staircase to the Ecumenical Temple.
  5891 | Temple   | Entered the Ecumenical Temple
  6272 | D:6      | Noticed a hornet
  6279 | D:6      | Killed a hornet
  6697 | D:6      | Found Inlaaboal's Assorted Antiques.
  6702 | D:6      | Identified the +7 trident of Peril {flame, Str+4 Dex+4}
  6809 | D:6      | Reached skill level 1 in Polearms
  6982 | D:6      | Reached XP level 10. HP: 59/60 MP: 0/0
  6988 | D:6      | Reached skill level 2 in Polearms
  7024 | D:6      | Found a runed translucent door.
  7025 | D:6      | Noticed Crazy Yiuf
  7653 | D:7      | Reached skill level 3 in Polearms
  7958 | D:7      | Found Niasamof's Jewellery Emporium.
  8041 | D:7      | Reached ** piety under Makhleb
  8172 | D:7      | Reached skill level 4 in Polearms
  8574 | D:6      | Killed Crazy Yiuf
  8694 | D:7      | Reached skill level 5 in Polearms
  9434 | D:8      | Found a sacrificial altar of Ru.
  9496 | D:8      | Noticed Joseph
  9512 | D:8      | Noticed Psyche
  9515 | D:8      | Killed Joseph
  9516 | D:8      | Reached skill level 6 in Polearms
  9528 | D:8      | Noticed Harold
  9735 | D:8      | Killed Psyche
  9949 | D:8      | Identified the +6 spear "Timmav" {vamp, rF+ rC+ rN+ Str+2}
  9975 | D:8      | Noticed a centaur warrior
  9975 | D:8      | Noticed a boulder beetle
  9975 | D:8      | Noticed a black mamba
  9975 | D:8      | Noticed a skeletal warrior
  9975 | D:8      | Noticed a boulder beetle
  9984 | D:8      | Noticed a cyan ugly thing
  9984 | D:8      | Noticed a deep elf pyromancer
 10138 | D:8      | Noticed a four-headed hydra
 10235 | D:9      | Found a staircase to the Lair.
 10235 | D:9      | Noticed an elephant
 10265 | D:9      | Killed an elephant
 10266 | D:9      | Reached skill level 7 in Polearms
 10404 | D:9      | Reached XP level 11. HP: 30/65 MP: 0/0
 10404 | D:9      | Learned a level 4 spell: Animate Armour
 10686 | D:9      | Noticed a two-headed ogre
 10700 | D:9      | Killed a two-headed ogre
 10701 | D:9      | Reached skill level 8 in Polearms
 10971 | D:9      | Reached *** piety under Makhleb
 11525 | D:10     | Entered Level 10 of the Dungeon
 11718 | D:10     | Reached skill level 9 in Polearms
 12609 | D:11     | Noticed a skeletal warrior
 12753 | Lair:1   | Entered Level 1 of the Lair of Beasts
 12842 | Lair:1   | Noticed an eight-headed hydra
 12857 | Lair:1   | Noticed a six-headed hydra
 12858 | Lair:1   | Reached **** piety under Makhleb
 12869 | Lair:1   | Killed a six-headed hydra
 12870 | Lair:1   | Reached skill level 10 in Polearms
 13189 | Lair:1   | Noticed a seven-headed hydra
 13192 | Lair:1   | Killed an eight-headed hydra
 13193 | Lair:1   | Reached skill level 11 in Polearms
 13193 | Lair:1   | Reached XP level 12. HP: 55/70 MP: 0/0
 13196 | Lair:1   | HP: 3/70 [seven-headed hydra (5)]
 13199 | Lair:1   | Killed a seven-headed hydra
 13242 | Lair:1   | Reached skill level 1 in Shields
 13395 | Lair:1   | Noticed a four-headed hydra
 13408 | Lair:1   | Killed a four-headed hydra
 14093 | Lair:2   | Reached skill level 5 in Shields
 14096 | Lair:2   | Noticed a four-headed hydra
 14109 | Lair:2   | Killed a four-headed hydra
 14421 | Lair:2   | Reached ***** piety under Makhleb
 14615 | Lair:2   | Found a runed translucent door.
 14617 | Lair:2   | Noticed Qoesoec's ghost (journeyman GrFi)
 14929 | Lair:3   | Found a hole to the Spider Nest.
 15224 | Lair:3   | Noticed a seven-headed hydra
 15247 | Lair:3   | Killed a seven-headed hydra
 15248 | Lair:3   | Reached XP level 13. HP: 42/75 MP: 0/0
 15248 | Lair:3   | Learned a level 5 spell: Silence
 15422 | Lair:3   | Noticed a six-headed hydra
 15428 | Lair:3   | Killed a six-headed hydra
 15496 | Lair:3   | Noticed a seven-headed hydra
 15503 | Lair:3   | Killed a seven-headed hydra
 15511 | Lair:3   | Found a staircase to the Swamp.
 15541 | Lair:3   | Reached skill level 10 in Spellcasting
 16107 | D:7      | Bought the ring of Ebli {Wiz rElec Will+ Str+4 Slay+2} for
                  | 796 gold pieces
 16986 | Lair:5   | Reached skill level 10 in Invocations
 16990 | Lair:5   | Reached skill level 1 in Armour
 17165 | Lair:5   | Found a gate leading to a gauntlet.
 17189 | Gauntlet | Entered a Gauntlet
 17189 | Gauntlet | Found a transporter.
 17193 | Gauntlet | Found a transporter.
 17194 | Gauntlet | Found a transporter.
 17207 | Gauntlet | Found a runed translucent gate.
 17209 | Gauntlet | Found a runed translucent gate.
 17209 | Gauntlet | Found a transporter.
 17210 | Gauntlet | Found a runed translucent gate.
 17211 | Gauntlet | Found a transporter.
 17219 | Gauntlet | Noticed a balrug
 17223 | Gauntlet | Found a transporter.
 17236 | Gauntlet | Found a transporter.
 17245 | Gauntlet | Noticed a catoblepas
 17247 | Gauntlet | Found a runed translucent door.
 17249 | Gauntlet | Found a transporter.
 17251 | Gauntlet | Found a runed translucent door.
 17259 | Gauntlet | Found a transporter.
 17273 | Gauntlet | Found a transporter.
 17283 | Gauntlet | Found a transporter.
 17289 | Gauntlet | Found a transporter.
 17350 | Gauntlet | Identified the +0 leather armour "Diomok" {Harm Dex+3}
 17402 | Gauntlet | Found a transporter.
 17456 | Gauntlet | Found a transporter.
 17516 | Gauntlet | Reached XP level 14. HP: 80/80 MP: 0/0
 17519 | Gauntlet | Reached skill level 5 in Armour
 17525 | Gauntlet | Identified the +0 helmet of Hedonism {Drain rF++}
 17621 | Gauntlet | Noticed a minotaur
 17625 | Gauntlet | Killed a minotaur
 18275 | Lair:6   | Entered Level 6 of the Lair of Beasts
 18288 | Lair:6   | Reached skill level 12 in Polearms
 18485 | Lair:6   | Found the +8 glaive of the Guard {elec, spectral, AC+5}
 18503 | Lair:6   | Identified the ring of Tauzujemn {Fly Str+2}
 18650 | Lair:6   | Reached skill level 13 in Polearms
 18658 | Lair:6   | Found the +3 warlock's mirror {reflect}
 18867 | Lair:6   | Reached skill level 1 in Fighting
 18930 | Lair:6   | Noticed a dire elephant
 18937 | Lair:6   | Killed a dire elephant
 19433 | Lair:6   | Reached skill level 5 in Fighting
 19524 | Lair:6   | Reached XP level 15. HP: 97/97 MP: 0/0
 19524 | Lair:6   | Learned a level 6 spell: Simulacrum
 19524 | Lair:6   | Found a burning altar of Makhleb.
 19616 | Lair:6   | Found a gateway to Hell.
 19967 | D:11     | Noticed Fannar
 19973 | D:11     | Killed Fannar
 20063 | D:11     | You are sucked into a shaft and drop 2 floors!
 20339 | D:11     | Found a staircase to the Orcish Mines.
 20848 | D:11     | Found a snail-covered altar of Cheibriados.
 21238 | D:12     | Noticed Nessos
 21267 | D:12     | Killed Nessos
 21827 | D:13     | Noticed Snorg
 21834 | D:13     | Killed Snorg
 21835 | D:13     | Reached skill level 10 in Fighting
 22122 | D:13     | Reached ****** piety under Makhleb
 22386 | D:14     | Noticed Rupert
 22408 | D:14     | Killed Rupert
 22465 | D:14     | Noticed Agnes
 22581 | Orc:1    | Entered Level 1 of the Orcish Mines
 22780 | Orc:2    | Entered Level 2 of the Orcish Mines
 22787 | Orc:2    | Found a staircase to the Elven Halls.
 23391 | Orc:2    | Noticed Urug
 23397 | Orc:2    | Killed Urug
 23505 | Orc:2    | Reached XP level 16. HP: 113/113 MP: 0/0
 23512 | Orc:2    | Found Sair's General Store.
 23521 | Orc:2    | Reached skill level 14 in Polearms
 23521 | Orc:2    | Found Epips's Magic Scroll Emporium.
 23834 | Orc:2    | Found Pol Inivu's Jewellery Shop.
 23834 | Orc:2    | Found Dumpiuph's Antique Armour Boutique.
 23835 | Orc:2    | Found a one-way gate leading to the halls of Pandemonium.
 23841 | Orc:2    | Bought a ring of see invisible for 240 gold pieces
 23843 | Orc:2    | Bought a dazzling ring mail for 243 gold pieces
 23843 | Orc:2    | Identified the +1 ring mail of Moeptoet {Will+} (You bought
                  | it in a shop on level 2 of the Orcish Mines)
 23878 | Orc:2    | Bought a scroll of fear for 45 gold pieces
 23882 | Orc:2    | Bought a +2 helmet for 214 gold pieces
 23895 | Orc:2    | Bought a scroll of identify for 26 gold pieces
 23895 | Orc:2    | Bought a scroll of identify for 26 gold pieces
 23895 | Orc:2    | Bought a scroll of identify for 26 gold pieces
 23895 | Orc:2    | Bought a scroll of identify for 26 gold pieces
 23895 | Orc:2    | Bought a scroll of teleportation for 39 gold pieces
 23898 | Orc:2    | Identified 2 scrolls of acquirement
 24164 | Orc:2    | Acquired the amulet "Naaneargh" {rF++ Regen+ Int+3}
 24176 | Orc:2    | Acquired the amulet "Ylyapp" {Reflect Dex+4 SH+5}
 24337 | D:14     | Reached skill level 15 in Polearms
 24537 | D:14     | Killed Agnes
 24546 | D:14     | Noticed Kirke
 24566 | D:14     | Killed Kirke
 24585 | D:14     | Reached skill level 5 in Dodging
 24881 | D:14     | Found a gate to the Vaults.
 25225 | D:15     | Entered Level 15 of the Dungeon
 25312 | D:15     | Found Efoopt's General Store.
 25315 | D:15     | Bought a scroll of enchant armour for 105 gold pieces
 25517 | D:15     | Found a runed translucent gate.
 25533 | D:15     | Found a runed translucent gate.
 25533 | D:15     | Found a runed translucent gate.
 25534 | D:15     | Noticed Uvinaotu's ghost (journeyman MiFi)
 25535 | D:15     | Found an iron altar of Okawaru.
 25857 | Swamp:1  | Entered Level 1 of the Swamp
 25878 | Swamp:1  | Reached XP level 17. HP: 119/119 MP: 0/0
 25878 | Swamp:1  | Learned a level 7 spell: Enfeeble
 26672 | Swamp:2  | Reached skill level 10 in Dodging
 27154 | Swamp:3  | Noticed a thorn hunter
 27228 | Swamp:3  | Found a runed translucent gate.
 27229 | Swamp:3  | Found a runed translucent gate.
 27230 | Swamp:3  | Found a runed translucent gate.
 27230 | Swamp:3  | Noticed hito's ghost (adept KoEn)
 27468 | Swamp:3  | Killed a thorn hunter
 27609 | Swamp:4  | Entered Level 4 of the Swamp
 27677 | Swamp:4  | Reached XP level 18. HP: 118/128 MP: 0/0
 27766 | Swamp:4  | Identified the +3 hunting sling of Reinforcement {flame,
                  | rF+ Int+4}
 27766 | Swamp:4  | Found the +6 lightning scales {swift, rElec}
 28102 | Swamp:4  | Got a decaying rune of Zot
 28226 | Swamp:4  | Noticed Aizul
 28234 | Swamp:4  | Killed Aizul
 28522 | Spider:1 | Entered Level 1 of the Spider Nest
 28563 | Spider:1 | Reached skill level 5 in Stealth
 28901 | Spider:1 | Reached skill level 16 in Polearms
 29254 | Spider:1 | Acquired a manual of Shields
 30034 | Spider:2 | Noticed Donald
 30090 | Spider:2 | Noticed Arachne
 30101 | Spider:2 | Killed Arachne
 30136 | Spider:2 | Reached XP level 19. HP: 135/135 MP: 0/0
 30136 | Spider:2 | Learned a level 6 spell: Summon Cactus Giant
 30159 | Spider:2 | Killed Donald
 30210 | Spider:2 | You are sucked into a shaft and drop 1 floor!
 30655 | Spider:3 | Reached skill level 17 in Polearms
 30872 | Spider:3 | Noticed Bai Suzhen
 31891 | Spider:4 | Entered Level 4 of the Spider Nest
 32007 | Spider:4 | Identified the +0 robe of Wanifu {Str+4 Int+3}
 32079 | Spider:4 | Reached skill level 18 in Polearms
 32583 | Spider:4 | Got a gossamer rune of Zot
 33039 | Elf:1    | Entered Level 1 of the Elven Halls
 33118 | Elf:1    | Reached XP level 20. HP: 141/141 MP: 0/0
 33121 | Elf:1    | Found Urphes's Weapon Shop.
 33199 | Elf:1    | Found a crumbling gateway.
 33208 | Desolati | Entered the Desolation of Salt
 33230 | Desolati | Reached skill level 19 in Polearms
 33393 | Elf:1    | Paralysed by an air elemental for 1 turns
 33715 | Elf:1    | Noticed a Brimstone Fiend
 34052 | Elf:2    | Noticed Nikola
 34108 | Elf:2    | Killed Nikola
 34481 | Elf:2    | Found a runed translucent gate.
 34481 | Elf:2    | Found a runed translucent gate.
 34484 | Elf:2    | Found a runed translucent gate.
 34654 | Elf:2    | Found Ohypyt's Assorted Antiques.
 34666 | Elf:2    | Bought 2 scrolls of teleportation for 138 gold pieces
 34666 | Elf:2    | Bought a potion of haste for 230 gold pieces
 34667 | Elf:2    | Bought 2 glowing puce potions for 41 gold pieces
 34667 | Elf:2    | Bought a scroll of holy word for 172 gold pieces
 34748 | Elf:3    | Entered Level 3 of the Elven Halls
 34852 | Elf:3    | HP: 4/141 [deep elf master archer/arrow (19)]
 34854 | Elf:3    | Shot with an arrow by a deep elf master archer

Illustrated notes

Levels and vault maps discovered:
D:1:      ldierk_walled_garden_2, layout_loops_ring,
          chequers_ecumenical_altar_simple
D:2:      layout_rooms, kennysheep_generic_room_11
D:3:      layout_rooms
D:4:      layout_rooms, serial_park_tiny_pond, nicolae_shop_fire_sale
          [nicolae_sub_dead_trees]
D:5:      corexii_shack_village, layout_gridville, nicolae_overflows_in_rows,
          uniq_duvessa
D:6:      wad_river_or_something, layout_basic, minmay_temple_entry_hall,
          serial_shops, nicolae_take_the_stairs, nrook_loot_triangle,
          minmay_misc_feat_pillars, minmay_bent, uniq_crazy_yiuf_cottage,
          uniq_blork_the_orc
D:7:      nicolae_cairo_tiling, layout_loops_ring, serial_shops,
          nicolae_shop_stone, minivault_14, serial_bayou_pond_c
D:8:      layout_basic, nicolae_ru_awakened_eye, minivault_12, uniq_joseph,
          uniq_psyche, uniq_harold
D:9:      layout_basic, david_lair_generic, kennysheep_generic_room_7
D:10:     layout_long_grid
D:11:     layout_roguey, erik_orc_3, slow_altar_2, uniq_fannar
D:12:     layout_roguey, uniq_nessos
D:13:     layout_stronghold, uniq_snorg
D:14:     minmay_connected_triangles_in_corner, layout_basic,
          hangedman_vaults_entry_quadrant_bands, lemuel_blue_sif_altar,
          uniq_agnes, uniq_kirke, uniq_rupert
D:15:     gammafunk_enter_depths_forms, layout_loops_ring, serial_shops,
          nicolae_shop_hallway_stairs, gammafunk_ghost_fury_of_okawaru
Temple:   compressed_dpeg_triangle_lava_temple
Lair:1:   layout_cellular_growth, grunt_megastairs_3, lemuel_fruit_tree,
          serial_bayou_shore_a, infiniplex_staircase_pool, serial_bayou_shore_b
Lair:2:   layout_cave_pods, gammafunk_ghost_grave, minivault_26,
          guppyfry_lair_drakes
Lair:3:   layout_loops_ring, minmay_swamp_entry_reptiles,
          nicolae_spider_entry_non_spiders, nicolae_lair_liquid_snakes,
          serial_bayou_shore_b
Lair:4:   layout_hall_layers, serial_bayou_shore_b
Lair:5:   layout_gridlike, minmay_slime_entry_oklob_enclosed,
          gauntlet_entry_generic, serial_bayou_shore_b, lemuel_fruit_fields,
          infiniplex_staircase_pool_2, grunt_megastairs_4, lemuel_fruit_fields
Lair:6:   evil_forest, layout_loops_ring, minmay_lindwurm_lava
Swamp:1:  layout_basic_swamp, evilmike_swamp_ruin_house_1
Swamp:2:  layout_basic_swamp, evilmike_swamp_ruin_house_2
Swamp:3:  layout_basic_swamp, gammafunk_ghost_hydra_chop,
          hangedman_swamp_ruin_wall
Swamp:4:  swamp_basic_johnstein, layout_basic_swamp, swamp_pool4, uniq_aizul
Spider:1: layout_chambers, nicolae_spider_twisty_arc_passages
Spider:2: layout_spider_delve, uniq_arachne, uniq_donald
Spider:3: layout_chambers, nicolae_spider_nooks_and_crannies, uniq_bai_suzhen
Spider:4: spider_rune_water
Orc:1:    layout_caves
Orc:2:    pf_orc_diabolical, layout_diamond_mine, sword_in_stone, uniq_urug
Elf:1:    nicolae_elf_arrival_fired_up, layout_onion_city,
          portal_desolation_entry_nicolae_forbidding_blocks, serial_shops,
          nicolae_shop_temple_entry_statues_fountains, hangedman_elf_represent,
          grunt_ministairs_1
Elf:2:    nicolae_elf_blades_splatter_lattice
          [nicolae_vaults_blade_armed_guards], layout_geoelf_octagon,
          serial_shops, nicolae_lakefront_shop, small_statue_intersection,
          uniq_nikola
Elf:3:    minmay_elf_hall, layout_rooms, minivault_13, uniq_asterion

Skill      XL: |  1  2  3  4  5  6  7  8  9 10 11 12 13 14 15 16 17 18 19 20 |
---------------+-------------------------------------------------------------+-----
Spellcasting   | 4 5 6 8 10 12 | 12.0
Staves         | 1 2 3 5 7 |  7.1
Invocations    | 2 5 7 10 11 12 13 | 13.9
Polearms       | 1 7 11 13 15 16 18 19 | 19.6
Shields        | 5 |  5.0
Armour         | 4 5 6 |  6.0
Fighting       | 5 10 11 12 | 12.0
Dodging        | 7 10 | 10.0
Stealth        | 5 |  5.0

Action                   |  1- 3 |  4- 6 |  7- 9 | 10-12 | 13-15 | 16-18 | 19-21 || total
-------------------------+-------+-------+-------+-------+-------+-------+-------++-------
Melee: Dagger            |    73 |    36 |       |       |       |       |       ||   109
       Staff             |       |     5 |    44 |       |       |       |       ||    49
       Punch             |       |       |     2 |     3 |     1 |       |       ||     6
       Trident           |       |       |       |   206 |   212 |       |       ||   418
       Glaive            |       |       |       |       |   253 |   588 |   493 ||  1334
       Spear             |       |       |       |       |    12 |     1 |       ||    13
Throw: Dart              |       |       |       |     2 |     6 |     1 |       ||     9
       Boomerang         |       |       |       |     1 |     2 |     2 |       ||     5
 Cast: Freeze            |     5 |     1 |     2 |     1 |    20 |    21 |       ||    50
       Frozen Ramparts   |     1 |     1 |     3 |    23 |    50 |     2 |     1 ||    81
       Ozocubu's Armour  |     1 |     1 |     1 |    24 |    56 |    23 |     4 ||   110
       Foxfire           |       |     5 |     1 |     1 |     2 |     2 |     1 ||    12
       Scorch            |       |    26 |   116 |   209 |    77 |    26 |     5 ||   459
       Dazzling Flash    |       |       |     2 |     4 |     8 |     5 |     7 ||    26
       Mephitic Cloud    |       |       |     2 |    13 |    18 |    15 |    18 ||    66
       Animate Armour    |       |       |       |     8 |    12 |    15 |     1 ||    36
       Silence           |       |       |       |       |     2 |       |       ||     2
       Simulacrum        |       |       |       |       |     4 |    61 |    88 ||   153
       Hailstorm         |       |       |       |       |       |     1 |       ||     1
       Summon Cactus Gia |       |       |       |       |       |       |    10 ||    10
Invok: Lesser Servant of |       |       |       |     1 |    15 |     9 |       ||    25
       Minor Destruction |       |       |       |       |     1 |       |       ||     1
       Greater Servant o |       |       |       |       |     2 |       |       ||     2
       Major Destruction |       |       |       |       |       |     1 |       ||     1
Evoke: Wand              |       |       |     1 |       |     2 |     3 |       ||     6
  Use: Scroll            |       |       |       |    14 |     7 |    15 |     9 ||    45
       Potion            |       |       |       |     4 |     4 |       |     5 ||    13
 Stab: Sleeping          |     1 |     2 |       |     4 |     5 |     6 |     9 ||    27
       Distracted        |       |     1 |       |     1 |    13 |    16 |     9 ||    40
       Confused          |       |       |       |     9 |     7 |     9 |     8 ||    33
       Invisible         |       |       |       |     1 |     3 |     3 |     2 ||     9
Armor: Robe              |     2 |       |       |       |       |       |       ||     2
       Leather armour    |    20 |    14 |    30 |    29 |       |       |       ||    93
       Troll leather arm |       |       |       |    46 |   149 |   189 |   148 ||   532
Dodge: Dodged            |    62 |    36 |    37 |   118 |   227 |   433 |   264 ||  1177
Block: Buckler           |       |       |       |    17 |    43 |       |       ||    60
